Map: Traitor's Exile

Players

ChessieCat

  • Race: Terran Terran
  • League: Platinum
  • Spawn Location: 5:00

Moldy

  • Race: Terran Terran
  • League: Diamond
  • Spawn Location: 6:00

OpuS - Winner!

  • Race: Protoss Protoss
  • League: Platinum
  • Spawn Location: 12:00

Sketchaphone - Winner!

  • Race: Zerg Zerg
  • League: Platinum
  • Spawn Location: 9:00

VOD

Have the link to the VOD?

Description

Time

  • Played on: Feb. 16, 2019, 8:14 p.m.
  • Length: 20:57
Show
View Real Time Build Order
Export as new Build Order

ChessieCat Terran 

Build Orders:  

Get SALT Encoding   

  12  0:01  SCV  
  13  0:13  SCV  
  14  0:21  Supply Depot  
  14  0:26  SCV  
  15  0:45  Barracks, SCV  
  16  0:51  Refinery  
  16  0:57  SCV  
  17  1:10  SCV  
  18  1:22  SCV  
  19  1:32  Marine  
  20  1:34  Orbital Command, Supply Depot  
  20  1:38  Refinery  
  20  1:50  Marine  
  21  2:01  SCV  
  22  2:11  Marine, Factory  
  22  2:14  SCV  
  24  2:31  Marine, SCV  
  26  2:49  Command Center  
  26  2:50  Barracks Tech Lab  
  26  2:57  Starport, Factory Tech Lab  
  26  2:59  SCV  
  26  3:04  Engineering Bay  
  27  3:11  Stimpack  
  27  3:17  Marine  
  28  3:28  SCV  
  29  3:34  Starport Reactor  
  29  3:35  Missile Turret  
  29  3:36  Marine  
  30  3:47  Barracks  
  30  3:53  Supply Depot  
  30  4:01  Siege Tank  
  32  4:20  Supply Depot  
  32  4:21  Medivac  
  32  4:22  Medivac  
  36  4:50  Marine x2  
  38  4:58  Cyclone  
  41  5:08  Marine x2  
  42  5:25  Marine  
  42  5:26  Marine  
  44  5:42  SCV  
  45  5:43  Marine  
  45  5:47  Barracks Reactor  
  45  5:48  Command Center  
  46  5:50  Siege Tank  
  46  5:51  Barracks  
  45  6:51  Marine x3  
  45  6:52  Marine  
  45  6:53  Combat Shield  
  49  6:55  Siege Tank  
  52  7:06  Orbital Command  
  52  7:07  Factory  
  52  7:08  SCV  
  53  7:10  Marauder  
  55  7:20  SCV  
  56  7:23  Orbital Command  
  56  7:32  SCV  
  58  7:44  SCV  
  58  7:48  Siege Tank  
  61  8:11  Marine x3  
  61  8:12  Factory Tech Lab  
  61  8:25  SCV  
  61  8:28  SCV  
  62  8:37  SCV  
  62  8:40  SCV  
  64  8:42  Missile Turret  
  64  8:49  SCV  
  64  8:52  SCV  
  66  9:02  SCV  
  67  9:04  Siege Tank x2, SCV  
  67  9:08  Engineering Bay  
  74  9:10  Armory, Barracks Reactor  
  74  9:14  SCV  
  74  9:15  Barracks  
  74  9:16  SCV  
  76  9:25  Refinery  
  76  9:26  Refinery, SCV  
  77  9:33  Missile Turret  
  77  9:46  Supply Depot  
  77  9:48  Supply Depot  
  77  9:49  Terran Infantry Weapons Level 1, Supply Depot  
  77  9:50  Terran Infantry Armor Level 1  
  77  10:08  Marine, Siege Tank x2, SCV  
  77  10:09  Marine x3, SCV  
  87  10:20  SCV  
  86  10:23  Orbital Command  
  86  10:26  Marine  
  86  10:27  Marine x2  
  87  10:32  SCV  
  80  10:40  Siege Tank  
  77  10:44  SCV  
  77  10:46  Medivac x2  
  77  10:48  Marine x5  
  85  10:56  SCV  
  86  10:57  SCV  
  87  11:04  Missile Turret  
  87  11:06  Marine x5  
  87  11:09  SCV x2  
  94  11:19  Barracks  
  94  11:21  SCV x2  
  94  11:22  Barracks  
  94  11:23  Marine  
  94  11:24  Marine x3  
  94  11:25  Barracks  
  100  11:33  SCV  
  101  12:08  Missile Turret  
  101  12:23  Medivac, SCV x2  
  101  12:24  Medivac  
  92  12:34  Barracks Tech Lab  
  92  12:35  Barracks Tech Lab x2, SCV  
  92  12:37  Starport  
  92  12:39  Starport  
  92  12:46  Supply Depot  
  92  12:47  SCV  
  93  12:59  SCV  
  93  13:01  Supply Depot  
  94  13:07  Concussive Shells  
  94  13:10  Marauder x3  
  94  13:11  SCV, Supply Depot  
  94  13:12  Marine x5  
  104  13:17  Siege Tank  
  109  13:22  Refinery  
  109  13:23  Supply Depot, Siege Tank  
  109  13:24  SCV  
  109  13:25  Refinery  
  113  13:27  Bunker  
  113  13:30  Marine x2  
  113  13:31  Marauder  
  113  13:33  Marauder x2, Supply Depot  
  120  13:35  Bunker  
  120  13:36  SCV  
  92  13:48  SCV  
  86  13:50  Marine x5  
  86  13:53  Marauder  
  86  13:54  Marauder  
  89  14:07  Marine  
  89  14:08  Marine x2  
  80  14:12  Marine, Siege Tank x2  
  80  14:13  Marine  
  80  14:15  Marine  
  89  14:25  Marine  
  89  14:26  Marine  
  89  14:30  Marine  
  92  14:31  Marine  
  92  14:33  Marine  
  94  14:43  Marine x2  
  94  14:44  Terran Infantry Weapons Level 2  
  94  14:45  Terran Infantry Armor Level 2  
  86  15:12  Starport Reactor x2  
  33  16:24  Marauder x3  
  35  16:39  Marine x4  
  36  16:40  Marine  
  36  16:44  Command Center  
  36  16:45  Marauder  
  36  16:46  Marauder x2  
  44  16:57  Marine  
  45  17:07  Marauder  
  47  17:10  Medivac x2  
  47  17:15  Sensor Tower  
  51  17:24  Command Center  
  51  17:27  Marauder x2  
  55  17:40  Missile Turret  
  55  18:09  Siege Tank x2  
  37  18:41  Siege Tank  
  37  18:48  Orbital Command  
  32  19:02  Marine  
  32  19:03  Marine x2  
  32  19:08  SCV  
  36  19:11  SCV  
  37  19:19  SCV  
  37  19:20  SCV  
  37  19:23  SCV  
  40  19:32  SCV  
  40  19:35  SCV  
  40  19:37  Orbital Command  
  41  19:43  Siege Tank x2  
  41  19:47  SCV  
  34  19:55  Marine x3  
  34  19:57  Marine  
  34  19:58  Marine x3  
  35  20:13  Marine x3  
  34  20:36  Marine x3  
  34  20:37  Marine  
  36  20:42  SCV  
Show
View Real Time Build Order
Export as new Build Order

Moldy Terran 

Build Orders: Reaper Expand 

Get SALT Encoding   

  12  0:01  SCV  
  13  0:13  SCV  
  14  0:19  Supply Depot  
  14  0:25  SCV  
  15  0:40  SCV  
  15  0:42  Barracks  
  16  0:48  Refinery  
  16  0:52  SCV  
  17  1:04  SCV  
  18  1:17  SCV  
  19  1:30  Reaper, Orbital Command  
  20  1:45  Command Center  
  20  1:53  Supply Depot  
  20  2:00  SCV  
  21  2:06  Barracks Reactor  
  21  2:12  SCV  
  21  2:14  Refinery  
  22  2:27  SCV  
  23  2:32  Factory  
  23  2:39  SCV  
  23  2:43  Marine x2  
  26  2:53  SCV  
  27  3:03  Barracks  
  27  3:04  Marine x2  
  28  3:12  Orbital Command  
  28  3:23  SCV  
  29  3:30  Starport  
  29  3:35  Hellion x2  
  29  3:39  Barracks Tech Lab  
  29  3:40  Factory  
  33  3:45  SCV  
  33  3:58  Orbital Command  
  33  3:59  Marauder  
  33  4:01  Widow Mine  
  33  4:02  Widow Mine  
  39  4:05  Marine  
  39  4:09  Liberator  
  35  4:41  Marauder  
  35  4:51  Hellion x2  
  35  4:52  Factory Tech Lab  
  35  4:53  SCV  
  35  4:54  Supply Depot  
  35  4:56  SCV  
  37  5:22  Hellion x2  
  37  5:24  Marauder  
  37  5:27  Siege Tank, Starport Reactor  
  46  5:33  Supply Depot  
  46  5:36  Supply Depot  
  46  5:55  Hellion x2, Supply Depot, SCV  
  51  5:58  Orbital Command  
  49  6:22  Liberator  
  49  6:25  SCV  
  50  6:30  Hellion x2  
  50  6:31  Siege Tank  
  57  6:39  Medivac  
  59  6:43  Supply Depot  
  62  6:58  Hellion x2  
  62  7:00  SCV  
  67  7:12  SCV  
  67  7:14  SCV  
  63  7:15  Viking  
  63  7:21  Starport, Siege Tank  
  68  7:24  Refinery, SCV  
  68  7:26  SCV  
  68  7:27  Refinery  
  70  7:32  Hellion x2  
  70  7:36  Supply Depot, SCV  
  62  8:03  Hellion x2, Siege Tank  
  48  8:27  Hellion x2  
  50  8:35  Siege Tank  
  53  8:41  Viking  
  53  8:42  Viking  
  53  8:43  Orbital Command  
  53  8:48  Starport Reactor  
  57  8:49  SCV  
  57  8:50  Supply Depot  
  58  9:10  Barracks Tech Lab  
  58  9:11  Marauder  
  60  9:19  SCV x2  
  62  9:31  SCV x2  
  64  9:43  SCV x2  
  64  9:45  Supply Depot  
  66  9:49  Siege Tank  
  66  9:52  Factory  
  69  9:55  SCV  
  69  9:56  SCV  
  71  10:01  Armory  
  71  10:07  SCV  
  71  10:08  SCV  
  73  10:27  Refinery  
  73  10:31  Siege Tank  
  73  10:32  Hellion  
  73  10:35  Command Center  
  75  10:54  Viking x4  
  83  11:06  SCV  
  83  11:07  SCV, Command Center  
  85  11:12  Hellion  
  85  11:13  Hellion  
  89  11:18  Factory Tech Lab  
  89  11:19  SCV  
  90  11:27  SCV  
  90  11:31  Engineering Bay  
  91  11:36  Factory  
  91  11:40  SCV  
  91  11:45  Thor  
  98  11:47  Terran Vehicle Weapons Level 1  
  98  11:55  Infernal Pre-Igniter  
  98  11:57  SCV  
  99  12:23  Planetary Fortress  
  99  12:28  Siege Tank  
  99  12:29  Hellbat x2  
  106  12:31  SCV  
  107  12:41  SCV  
  107  12:43  SCV  
  107  12:44  Armory  
  109  12:52  Barracks Tech Lab, Siege Tank  
  109  12:53  Hellbat x2, SCV  
  109  12:55  Sensor Tower  
  109  12:57  Liberator x2  
  117  13:01  Refinery  
  117  13:07  Refinery  
  117  13:08  Supply Depot  
  117  13:09  SCV  
  117  13:10  SCV  
  117  13:12  Supply Depot  
  125  13:30  SCV x3  
  125  13:31  Supply Depot  
  128  13:34  Supply Depot  
  128  13:35  Terran Vehicle And Ship Armor Level 1  
  125  13:46  Thor  
  121  13:52  Hellion  
  119  14:08  Thor  
  119  14:09  Hellion  
  124  14:21  Viking  
  126  14:31  Terran Vehicle Weapons Level 2  
  126  14:34  Supply Depot  
  126  14:35  SCV x2  
  130  14:38  Hellbat  
  130  14:46  SCV  
  130  14:47  Liberator x2  
  130  14:52  Hellion x2  
  135  14:54  Siege Tank  
  135  14:55  Siege Tank  
  141  15:03  Hellbat  
  149  15:08  Marine  
  149  15:09  Marauder  
  149  15:11  SCV x2  
  149  15:13  Supply Depot  
  154  15:16  Siege Tank  
  154  15:18  Supply Depot  
  150  15:52  Siege Tank x2  
  150  15:53  Hellbat x2  
  151  16:01  Hellbat  
  150  16:14  Hellbat  
  152  16:19  Command Center  
  152  16:27  Hellion x12  
  152  16:28  Factory  
  152  16:32  Terran Vehicle And Ship Armor Level 2  
  152  16:42  SCV  
  152  16:44  Factory, Siege Tank  
  152  16:45  Siege Tank x2  
  162  17:11  Viking x3  
  162  17:12  Viking  
  168  17:16  Hellbat x2  
  160  17:28  SCV  
  156  17:37  SCV  
  157  17:40  Siege Tank x2  
  157  17:41  Siege Tank, Viking  
  157  17:42  Hellbat x2  
  172  17:45  Terran Vehicle Weapons Level 3  
  172  17:48  SCV x2  
  172  17:50  Factory Tech Lab  
  174  17:56  Orbital Command  
  172  18:35  Hellbat x5  
  173  18:58  Hellbat x2, Siege Tank x2  
  136  19:20  Hellbat  
  136  19:21  Hellbat, Siege Tank x2  
  144  19:31  Hellbat x2  
  148  19:50  Hellbat x2  
  152  19:56  Siege Tank  
  132  20:06  Siege Tank x2  
  112  20:20  Hellbat  
  112  20:21  Hellbat  
  96  20:23  SCV x2  
  85  20:33  Hellbat x2  
Show
View Real Time Build Order
Export as new Build Order

OpuS Protoss - Winner!

Build Orders: Colossus Rush 

Get SALT Encoding   

  12  0:01  Probe  
  13  0:13  Probe  
  14  0:20  Pylon  
  14  0:25  Probe  
  15  0:38  Probe  
  16  0:42  Gateway  
  16  0:49  Probe  
  16  0:53  Assimilator  
  17  0:57  Probe  
  17  0:58  Assimilator  
  18  1:05  Probe  
  19  1:17  Probe  
  20  1:19  Gateway  
  20  1:26  Probe  
  21  1:34  Probe  
  22  1:42  Cybernetics Core  
  22  1:44  Probe  
  22  1:45  Pylon  
  23  2:03  Probe  
  24  2:15  Probe  
  24  2:17  Stalker  
  24  2:18  Warp Gate  
  25  2:26  Stalker  
  25  2:27  Probe  
  29  2:37  Pylon  
  29  2:47  Probe  
  30  2:58  Stalker x2  
  34  3:14  Nexus  
  34  3:16  Pylon  
  34  3:40  Robotics Facility  
  34  3:42  Gateway  
  34  3:46  Stalker x2  
  38  4:05  Probe  
  37  4:17  Probe  
  38  4:25  Stalker x2  
  38  4:27  Probe  
  38  4:30  Probe  
  40  4:39  Probe  
  40  4:42  Probe  
  40  4:43  Stalker  
  42  4:50  Robotics Bay  
  42  4:51  Probe  
  43  4:54  Probe  
  43  4:58  Gateway  
  44  5:03  Probe  
  44  5:04  Pylon  
  44  5:06  Probe  
  46  5:10  Stalker  
  46  5:11  Stalker  
  50  5:14  Stalker  
  50  5:15  Probe  
  50  5:19  Observer  
  50  5:20  Pylon  
  53  5:22  Probe  
  53  5:27  Probe  
  56  5:34  Probe  
  57  5:39  Probe  
  57  5:40  Assimilator  
  58  5:44  Assimilator  
  58  5:46  Probe  
  59  5:50  Extended Thermal Lance  
  59  5:51  Colossus  
  65  5:57  Probe  
  65  5:58  Probe  
  67  6:09  Probe  
  67  6:10  Zealot  
  67  6:11  Zealot, Probe  
  73  6:12  Zealot x2  
  64  6:35  Stalker x4  
  72  6:44  Probe  
  73  7:00  Probe x2  
  67  7:16  Twilight Council  
  67  7:20  Probe x2  
  69  7:26  Zealot  
  69  7:27  Zealot  
  73  7:32  Pylon, Probe  
  73  7:35  Probe  
  75  7:44  Probe  
  76  7:47  Probe  
  75  7:56  Probe  
  64  7:59  Probe  
  61  8:08  Probe  
  61  8:11  Probe  
  63  8:20  Probe  
  63  8:25  Colossus  
  70  8:27  Stalker x2  
  70  8:28  Stalker  
  70  8:30  Probe  
  70  8:32  Probe  
  76  8:43  Probe  
  76  8:44  Probe  
  78  8:50  Templar Archives  
  78  8:55  Probe  
  79  8:56  Probe  
  80  9:07  Probe  
  80  9:08  Probe  
  82  9:13  Gateway  
  82  9:19  Gateway  
  82  9:20  Gateway  
  82  9:24  Gateway  
  82  9:26  Psionic Storm  
  82  9:47  High Templar x2  
  82  9:51  Nexus  
  86  9:53  Pylon  
  86  9:54  Pylon  
  86  10:13  High Templar, Forge  
  86  10:14  High Templar x3  
  92  10:20  Probe  
  92  10:21  Probe  
  96  10:25  Blink  
  90  10:37  Probe  
  90  10:38  Probe  
  90  10:39  High Templar  
  90  10:40  High Templar x3  
  100  10:46  Protoss Ground Weapons Level 1  
  100  10:56  Zealot  
  100  11:05  Pylon  
  100  11:07  Gateway  
  100  11:08  Gateway  
  100  11:10  Probe x3  
  103  11:12  High Templar, Gateway  
  103  11:14  Gateway  
  103  11:17  Pylon  
  103  11:18  Zealot x3  
  107  11:20  Pylon  
  111  11:29  Zealot x4  
  119  11:40  Probe x2  
  119  11:41  Probe  
  119  11:45  Colossus, Pylon  
  128  12:01  Stalker x4  
  132  12:02  Stalker  
  120  12:26  Stalker x4, Charge  
  120  12:27  Stalker x2  
  124  12:34  Probe x2  
  124  12:35  Probe  
  127  12:43  Zealot x4  
  127  12:44  Zealot  
  137  12:51  Colossus  
  137  12:56  Probe x2  
  145  13:04  Zealot x2  
  149  13:15  Pylon  
  149  13:17  Pylon  
  149  13:19  Pylon  
  149  13:32  Probe x3  
  115  13:45  Colossus  
  113  14:07  Archon x2  
  113  14:08  Archon  
  89  14:18  Protoss Ground Weapons Level 2  
  89  14:19  Zealot x2  
  89  14:20  Zealot x5  
  89  14:21  Zealot x5  
  89  14:23  Probe  
  109  14:24  Assimilator  
  109  14:26  Probe  
  109  14:27  Probe  
  109  14:28  Assimilator  
  109  14:30  Colossus  
  112  14:42  Stalker  
  112  14:43  Stalker x4  
  128  14:55  Stalker  
  128  14:56  Stalker x2  
  134  15:19  Nexus  
  130  15:23  Colossus  
  102  15:43  Stalker x5  
  102  15:44  Stalker  
  102  15:45  Probe  
  102  15:46  Probe  
  104  15:51  Pylon  
  82  16:00  Stalker  
  78  16:15  Stalker x3  
  74  16:31  Stalker x2  
  74  16:32  Stalker  
  80  16:40  Probe x3  
  80  16:41  Probe  
  80  16:46  High Templar x3  
  80  16:47  High Templar x2  
  92  16:49  High Templar  
  92  16:51  High Templar  
  92  16:52  High Templar  
  100  17:03  Stalker x2  
  104  17:09  Stalker  
  104  17:14  Protoss Ground Weapons Level 3  
  106  17:18  Probe x2  
  106  17:19  Probe  
  106  17:20  Assimilator  
  109  17:24  Assimilator  
  109  17:34  Stalker x2  
  109  17:35  Stalker  
  115  17:40  Stalker  
  117  17:54  Forge  
  117  17:55  Zealot x3  
  117  17:56  Zealot x3  
  129  18:03  Zealot x4  
  136  18:11  Immortal  
  140  18:16  High Templar  
  140  18:17  High Templar  
  140  18:18  Stalker  
  146  18:20  Stalker  
  145  18:36  Protoss Ground Armor Level 1  
  142  18:46  Zealot x4  
  134  19:02  Archon x2  
  122  19:12  Zealot x2  
  122  19:13  Zealot x7  
  122  19:14  Zealot x3  
  142  19:18  Dark Shrine  
  120  19:51  Zealot x4  
  120  19:52  Zealot x5  
  136  19:53  Zealot x3  
  140  20:14  Zealot x2  
  140  20:15  Zealot x5, Pylon  
  140  20:16  Zealot x3  
  140  20:17  Zealot x2  
  140  20:21  Pylon  
  150  20:39  Dark Templar x3  
  150  20:40  Dark Templar x5  
  166  20:44  Dark Templar  
Show
View Real Time Build Order
Export as new Build Order

Sketchaphone Zerg - Winner!

Build Orders: Hatch First 

Get SALT Encoding   

  12  0:01  Drone  
  13  0:14  Overlord  
  13  0:20  Drone  
  14  0:26  Drone, Extractor  
  15  0:33  Drone  
  16  0:36  Drone  
  17  0:58  Hatchery  
  17  1:01  Drone  
  17  1:05  Extractor  
  16  1:19  Drone  
  16  1:20  Drone x2  
  19  1:30  Spawning Pool  
  19  1:32  Drone  
  19  1:40  Overlord  
  19  1:59  Drone  
  20  2:01  Drone  
  21  2:16  Queen  
  21  2:17  Queen  
  21  2:18  Drone  
  21  2:19  Metabolic Boost  
  26  2:33  Overlord, Zergling x2  
  26  2:35  Drone x2  
  29  2:37  Zergling x2  
  30  2:49  Zergling x4  
  30  2:50  Baneling Nest  
  31  2:56  Queen  
  33  3:01  Zergling x2  
  34  3:06  Pneumatized Carapace  
  33  3:14  Zergling x6  
  36  3:20  Zergling x4  
  38  3:27  Overlord  
  38  3:32  Overlord  
  38  3:51  Zergling x12  
  44  3:55  Baneling  
  44  3:56  Baneling x4  
  44  4:03  Zergling x6  
  43  4:50  Drone x7  
  48  4:56  Lair  
  48  5:03  Drone x2  
  43  5:23  Drone x4  
  43  5:24  Roach Warren  
  46  5:36  Drone x3  
  46  5:37  Spore Crawler  
  46  5:38  Hatchery  
  46  5:39  Drone  
  48  5:50  Spore Crawler, Drone  
  48  5:52  Overlord, Drone  
  48  5:53  Overlord  
  49  5:58  Overlord  
  49  6:01  Drone  
  50  6:06  Spire, Drone x2, Extractor  
  47  6:27  Spine Crawler, Roach x5  
  55  6:33  Drone x2  
  55  6:35  Drone x3, Extractor  
  55  6:37  Extractor  
  58  6:44  Roach  
  58  6:45  Roach  
  62  6:55  Ravager  
  62  6:57  Zergling x4  
  65  7:02  Roach  
  65  7:03  Zergling x8  
  71  7:17  Roach x4  
  79  7:24  Drone  
  79  7:26  Overlord  
  80  7:32  Overlord  
  80  7:36  Overlord  
  80  7:40  Overlord, Drone  
  81  7:44  Queen  
  81  7:49  Roach x3  
  81  7:50  Overlord  
  63  8:19  Drone x2  
  64  8:20  Drone  
  64  8:22  Roach x8  
  64  8:23  Ravager x3  
  81  8:44  Mutalisk x4, Zerg Flyer Weapons Level 1  
  81  8:46  Zergling x4  
  91  8:49  Drone  
  91  8:53  Spore Crawler  
  91  9:02  Evolution Chamber x2  
  89  9:04  Zergling x8  
  93  9:16  Hatchery  
  92  9:17  Overlord, Roach  
  92  9:19  Glial Reconstitution  
  94  9:27  Overlord  
  94  9:29  Overlord  
  94  9:37  Roach x4  
  102  9:44  Drone x3  
  102  9:45  Drone x3  
  108  9:54  Mutalisk x4  
  116  10:13  Zergling x2  
  113  10:16  Zergling x18  
  113  10:28  Mutalisk x2  
  100  10:30  Zergling x6  
  96  10:36  Drone x3  
  96  10:41  Zerg Ground Armor Level 1  
  96  10:42  Zerg Missile Weapons Level 1  
  81  10:46  Drone x4  
  61  10:58  Queen  
  61  10:59  Drone x4  
  61  11:00  Drone  
  66  11:05  Overlord  
  66  11:27  Overlord x2, Extractor  
  66  11:28  Roach  
  66  11:29  Roach x7, Extractor  
  80  11:36  Evolution Chamber  
  79  11:40  Roach  
  79  11:41  Roach x3  
  87  11:52  Roach x5  
  97  12:02  Burrow  
  95  12:21  Corruptor x2  
  99  12:23  Zergling x22  
  110  12:34  Drone x3  
  110  12:35  Drone x4  
  117  12:41  Queen  
  119  12:47  Drone x2  
  121  12:55  Overlord  
  121  12:58  Drone  
  122  13:00  Zerg Missile Weapons Level 2  
  122  13:02  Zerg Melee Weapons Level 1  
  122  13:05  Drone x3  
  123  13:11  Spore Crawler  
  122  13:13  Spore Crawler  
  121  13:22  Corruptor x2  
  121  13:24  Corruptor  
  112  13:45  Roach  
  112  13:46  Zergling x24  
  108  13:50  Zergling x4  
  100  13:57  Roach  
  100  13:58  Zergling x6  
  100  13:59  Roach  
  107  14:11  Drone x7  
  107  14:14  Extractor  
  107  14:15  Extractor  
  112  14:26  Zerg Ground Armor Level 2  
  112  14:27  Overlord  
  112  14:28  Drone  
  112  14:30  Infestation Pit  
  109  14:45  Zergling x20  
  114  14:52  Tunneling Claws  
  103  15:07  Drone x13  
  103  15:08  Drone  
  115  15:20  Hive  
  115  15:32  Zerg Melee Weapons Level 2  
  115  15:33  Drone x3  
  115  15:34  Overlord x2  
  115  15:35  Overlord  
  118  15:36  Swarm Host  
  109  16:21  Swarm Host x2  
  109  16:22  Swarm Host x7  
  151  16:26  Roach  
  153  16:39  Greater Spire  
  153  16:41  Adrenal Glands  
  153  16:45  Drone x4  
  157  16:47  Overlord  
  157  16:52  Roach x6  
  169  16:59  Hatchery  
  168  17:08  Roach  
  168  17:09  Roach x6  
  182  17:29  Roach x3  
  200  17:30  Roach x6  
  200  17:41  Ultralisk Cavern  
  199  17:55  Ravager  
  190  18:38  Roach x2  
  190  18:39  Roach x3  
  200  18:41  Chitinous Plating  
  198  18:53  Roach  
  198  18:54  Roach x7  
  199  19:05  Overlord x2  
  185  19:12  Roach x13  
  178  19:26  Ultralisk  
  178  19:27  Ultralisk x2  
  196  19:34  Roach x2  
  198  19:49  Roach x9  
  198  19:50  Zergling x4  
  180  20:00  Zergling x26  
  189  20:10  Zergling x4  
  181  20:18  Zergling x10  
  186  20:22  Roach x3  
  186  20:28  Roach x2  
  178  20:56  Extractor  
Tags
 
Add a new tag
Caveats
  • Supply blocks, unpowered buildings, or Contaminate may cause inaccurate times.
  • Supply counts are checked every 10 seconds.